Map: Newkirk Precinct TE (Void)

Players

Stats - Winner!

  • Race: Protoss Protoss
  • Spawn Location: 5:00

ByuN

  • Race: Terran Terran
  • Spawn Location: 7:00

Event: IEM XI Katowice - World Championship 2017

VOD

https://www.youtube.com/watch?v=hhfpkiIEd6Y&t=25s

Description

Time

  • Played on: March 4, 2017, 2:18 p.m.
  • Length: 16:29

All games in this series

Show
View Real Time Build Order
Export as new Build Order

Stats Protoss - Winner!

Build Orders: 1 Gate Expand, Oracle Opening, Phoenix Opening 

Get SALT Encoding   

  12  0:00  Probe (Chrono Boost)  
  13  0:11  Probe (Chrono Boost)  
  14  0:17  Pylon  
  14  0:22  Probe (Chrono Boost)  
  16  0:35  Probe (Chrono Boost)  
  16  0:36  Gateway  
  16  0:41  Assimilator  
  16  0:46  Probe (Chrono Boost)  
  17  0:56  Probe (Chrono Boost)  
  18  1:07  Probe (Chrono Boost)  
  19  1:19  Nexus  
  19  1:22  Probe (Chrono Boost)  
  20  1:32  Cybernetics Core  
  20  1:35  Probe (Chrono Boost)  
  21  1:40  Assimilator  
  21  1:46  Probe (Chrono Boost)  
  22  1:50  Pylon  
  22  1:56  Probe (Chrono Boost)  
  23  2:05  Adept  
  26  2:08  Warp Gate  
  26  2:10  Probe (Chrono Boost)  
  26  2:22  Probe (Chrono Boost)  
  27  2:24  Stargate  
  27  2:28  Pylon  
  27  2:30  Adept  
  29  2:39  Probe (Chrono Boost)  
  29  2:40  Probe (Chrono Boost)  
  31  2:51  Probe (Chrono Boost)  
  33  2:52  Probe (Chrono Boost)  
  33  3:01  Probe (Chrono Boost)  
  33  3:04  Oracle, Probe (Chrono Boost)  
  34  3:12  Probe (Chrono Boost)  
  37  3:16  Probe (Chrono Boost)  
  38  3:22  Probe (Chrono Boost)  
  40  3:28  Probe (Chrono Boost)  
  40  3:33  Probe (Chrono Boost)  
  41  3:36  Phoenix  
  41  3:40  Probe (Chrono Boost)  
  44  3:43  Pylon  
  44  3:45  Probe (Chrono Boost)  
  45  3:51  Nexus  
  45  3:57  Probe (Chrono Boost)  
  45  3:58  Phoenix  
  50  4:05  Mothership Core (Chrono Boost)  
  50  4:12  Probe (Chrono Boost)  
  51  4:20  Phoenix  
  51  4:23  Adept  
  54  4:25  Probe (Chrono Boost)  
  54  4:45  Pylon  
  54  4:53  Assimilator  
  54  4:54  Assimilator  
  54  4:55  Gateway  
  54  4:58  Gateway  
  54  5:03  Probe (Chrono Boost)  
  54  5:05  Probe (Chrono Boost)  
  54  5:06  Probe (Chrono Boost)  
  57  5:07  Phoenix  
  57  5:14  Probe (Chrono Boost)  
  60  5:17  Probe x2 (Chrono Boost)  
  62  5:24  Probe (Chrono Boost)  
  62  5:27  Pylon, Probe (Chrono Boost)  
  65  5:29  Twilight Council, Probe (Chrono Boost)  
  65  5:30  Forge  
  65  5:34  Phoenix  
  65  5:35  Pylon, Probe (Chrono Boost)  
  66  5:38  Probe (Chrono Boost)  
  66  5:41  Probe (Chrono Boost)  
  70  5:45  Probe (Chrono Boost)  
  70  5:48  Probe (Chrono Boost)  
  70  5:49  Pylon  
  72  5:52  Protoss Ground Weapons Level 1  
  72  5:53  Resonating Glaives, Probe (Chrono Boost)  
  72  5:56  Probe (Chrono Boost)  
  74  5:58  Phoenix  
  74  5:59  Probe (Chrono Boost)  
  77  6:07  Gateway  
  77  6:09  Gateway  
  77  6:15  Gateway  
  77  6:21  Gateway  
  77  6:22  Gateway  
  77  6:28  Robotics Facility  
  77  6:29  Phoenix  
  79  6:37  Adept  
  79  6:38  Adept  
  86  6:41  Probe x3 (Chrono Boost)  
  86  6:49  Pylon  
  86  6:51  Phoenix  
  86  6:53  Probe x3 (Chrono Boost)  
  89  6:54  Pylon  
  89  6:55  Adept  
  93  7:08  Pylon  
  93  7:10  Adept x4  
  93  7:13  Pylon  
  101  7:15  Adept  
  101  7:16  Adept  
  105  7:24  Adept x2  
  101  7:32  Pylon, Adept x4  
  101  7:33  Pylon  
  109  7:44  Phoenix  
  85  7:57  Adept x6  
  93  8:02  Protoss Ground Armor Level 1, Observer  
  94  8:07  Nexus  
  94  8:16  Phoenix  
  94  8:22  Pylon  
  94  8:28  Adept x3  
  94  8:29  Sentry x2  
  104  8:41  Adept x3  
  106  8:46  Pylon  
  110  8:51  Pylon  
  110  8:57  Adept x4  
  118  9:13  Adept x4  
  102  9:39  Adept x4  
  102  9:40  Sentry x2, Warp Prism  
  102  9:42  Adept x2  
  118  9:55  Probe (Chrono Boost)  
  118  9:56  Assimilator, Probe x2 (Chrono Boost)  
  118  9:58  Assimilator, Nexus  
  121  10:02  Protoss Ground Armor Level 2  
  121  10:16  Immortal  
  125  10:22  Templar Archives  
  125  10:24  Blink  
  125  10:38  Probe x3 (Chrono Boost)  
  125  10:41  Adept x2  
  125  10:42  Adept x6  
  144  10:53  Pylon  
  144  10:54  Pylon  
  138  11:03  Stalker x5  
  142  11:09  Stalker x2  
  142  11:14  Stalker  
  144  11:32  Stalker  
  144  11:33  Stalker x5  
  144  11:35  Stalker  
  152  11:55  Adept  
  152  11:57  Adept  
  152  11:58  Adept x6  
  154  12:04  Immortal  
  144  12:18  Adept x3  
  144  12:19  Adept x4  
  128  12:34  Stalker  
  128  12:35  Protoss Ground Armor Level 3  
  110  12:50  Sentry x3, Immortal  
  110  12:51  Adept x4  
  122  12:55  Assimilator  
  122  12:56  Assimilator  
  124  13:01  Void Ray  
  128  13:16  Adept x2, Stalker x2  
  136  13:33  Adept x4  
  136  13:34  Immortal  
  120  13:37  Adept x2  
  120  13:38  Void Ray  
  128  13:47  High Templar x2  
  136  13:52  Archon  
  136  14:02  Adept x6  
  148  14:17  Void Ray  
  148  14:24  Warp Prism  
  150  14:26  High Templar x3, Psionic Storm  
  150  14:27  Adept x5  
  150  14:30  Archon  
  168  14:36  Pylon  
  168  14:53  High Templar  
  168  14:57  Adept x3  
  168  14:58  Adept  
  178  15:11  High Templar, Adept  
  178  15:12  Zealot  
  184  15:16  Archon  
  184  15:19  Adept x2  
  172  15:34  Adept  
  172  15:35  Adept x4  
  168  15:45  Stalker x3  
  174  15:59  Adept x5  
  174  16:03  Gateway x2  
  173  16:24  Adept x7  
  173  16:25  Adept  
Show
View Real Time Build Order
Export as new Build Order

ByuN Terran 

Build Orders: Reaper Expand, MMM Bio 

Get SALT Encoding   

  12  0:00  SCV  
  13  0:12  SCV  
  14  0:17  Supply Depot  
  14  0:25  SCV  
  14  0:28  Refinery  
  15  0:38  SCV  
  16  0:45  Barracks  
  16  0:50  SCV  
  17  1:03  SCV  
  18  1:15  SCV  
  19  1:31  Reaper  
  19  1:32  Orbital Command  
  20  1:44  Command Center  
  20  1:54  Factory  
  20  1:58  SCV  
  21  2:04  Refinery  
  21  2:07  Barracks Reactor  
  21  2:11  SCV  
  22  2:17  Supply Depot  
  22  2:23  SCV  
  23  2:38  SCV  
  23  2:40  Starport  
  23  2:42  Widow Mine  
  23  2:43  Marine  
  23  2:44  Marine  
  27  2:53  SCV  
  27  2:57  Orbital Command  
  28  3:01  Marine  
  29  3:06  SCV  
  29  3:14  Cyclone  
  29  3:17  Medivac  
  29  3:19  Marine  
  34  3:23  Marine  
  36  3:27  SCV  
  36  3:28  SCV  
  38  3:37  Supply Depot, Marine  
  38  3:41  Marine  
  39  3:42  SCV x2  
  42  3:55  Marine  
  41  3:56  SCV x2  
  41  3:59  Marine  
  41  4:00  Factory Tech Lab  
  45  4:04  Viking  
  45  4:08  SCV  
  45  4:09  SCV  
  46  4:10  Barracks  
  46  4:21  SCV x2  
  48  4:31  Barracks  
  48  4:33  SCV x2  
  48  4:36  Marine x2  
  51  4:45  SCV x2  
  51  4:46  Starport Reactor  
  51  4:47  Factory Reactor  
  51  4:50  Engineering Bay  
  51  4:55  Supply Depot  
  51  4:57  SCV x2  
  53  5:09  SCV  
  54  5:15  Supply Depot, Stimpack  
  54  5:16  Terran Infantry Weapons Level 1, Marine x3  
  54  5:17  SCV, Barracks Tech Lab  
  54  5:18  Supply Depot  
  58  5:21  SCV  
  58  5:25  Refinery  
  59  5:29  SCV  
  59  5:30  Missile Turret  
  59  5:31  Missile Turret  
  59  5:33  SCV  
  61  5:37  Medivac x2  
  61  5:40  Marine x3  
  61  5:41  Marine, SCV  
  70  5:45  Supply Depot  
  70  5:47  Widow Mine  
  70  5:49  Widow Mine  
  74  5:52  SCV  
  74  5:53  SCV  
  74  5:55  Refinery  
  76  5:57  Liberator x2  
  76  6:00  Supply Depot, Marine x2  
  78  6:06  Marine x2  
  80  6:12  Supply Depot  
  86  6:21  SCV x2  
  86  6:23  Marine x2  
  86  6:24  Marine x2  
  92  6:30  Supply Depot  
  92  6:37  Widow Mine x2  
  95  6:40  Liberator x2  
  95  6:41  Marine x2  
  95  6:42  Marine x2  
  95  6:45  Supply Depot  
  99  6:59  Marine x2, Combat Shields  
  99  7:00  Marine x2  
  109  7:02  Supply Depot  
  109  7:09  Widow Mine  
  109  7:10  Widow Mine  
  109  7:12  Supply Depot  
  113  7:16  Marine  
  114  7:26  Marine x2  
  108  7:35  Command Center  
  108  7:38  Widow Mine x2  
  108  7:42  Marine x2  
  114  7:44  Marine x2  
  86  7:58  Terran Infantry Armor Level 1  
  86  7:59  Marine  
  86  8:00  Marine  
  86  8:02  Marine x2  
  86  8:06  Widow Mine  
  86  8:11  Barracks  
  86  8:12  Barracks  
  86  8:17  Marine x2, Medivac x2  
  92  8:20  Marine x2  
  92  8:22  Widow Mine  
  92  8:25  SCV x2  
  92  8:26  Supply Depot  
  98  8:29  Missile Turret  
  98  8:30  Liberator x2  
  98  8:36  Widow Mine, Marauder  
  98  8:38  Marauder  
  101  8:44  Marine  
  101  8:45  Marine  
  108  8:48  Orbital Command  
  108  8:50  Widow Mine  
  110  9:00  Barracks Tech Lab, Barracks Reactor  
  110  9:05  Widow Mine  
  110  9:06  Marauder  
  110  9:07  Marauder  
  110  9:08  Marine x2, Armory  
  110  9:09  Engineering Bay  
  118  9:13  Liberator x2  
  118  9:14  Orbital Command  
  118  9:19  Widow Mine  
  109  9:33  Widow Mine  
  109  9:35  Marauder x2  
  109  9:36  Marine x2, Marauder  
  105  9:43  SCV x3  
  105  9:47  Concussive Shells, Widow Mine  
  107  9:56  Terran Infantry Weapons Level 2  
  107  9:58  SCV  
  107  9:59  SCV x2  
  110  10:02  Widow Mine  
  110  10:04  Missile Turret  
  110  10:05  Marine x4  
  118  10:07  Marauder x2  
  118  10:12  Marauder  
  122  10:14  SCV x2  
  122  10:16  Widow Mine  
  122  10:19  Terran Infantry Armor Level 2  
  126  10:26  Marine x4  
  130  10:30  Refinery  
  130  10:34  Refinery, Medivac  
  132  10:37  Medivac  
  134  10:43  Widow Mine  
  134  10:44  Widow Mine  
  134  10:45  Marauder x2  
  134  10:47  Marauder  
  144  10:51  Marine x4  
  136  11:11  Widow Mine  
  136  11:12  Marine x3, Marauder x3  
  136  11:13  Marine, Widow Mine  
  136  11:14  SCV x3  
  153  11:22  Liberator  
  153  11:23  Liberator  
  149  11:30  Marine x2  
  151  11:33  Marauder x2  
  151  11:34  Marauder  
  160  11:40  Widow Mine  
  165  11:48  Widow Mine  
  163  11:55  Marauder  
  163  11:59  Marauder x2  
  137  12:08  Widow Mine  
  131  12:17  Widow Mine, Marauder, SCV x2  
  131  12:20  Marauder  
  112  12:32  SCV  
  112  12:36  Marine  
  101  12:38  Hellion  
  101  12:41  SCV  
  102  12:45  Widow Mine  
  102  12:49  SCV x2  
  102  12:50  Liberator x2  
  103  12:53  SCV  
  103  12:54  Marine  
  103  12:55  Marine  
  103  12:56  Marine  
  103  12:58  Marine, Widow Mine  
  116  13:14  Widow Mine  
  118  13:21  Marauder x3  
  118  13:30  Marine x2  
  118  13:31  Marine, Widow Mine  
  102  13:34  SCV  
  102  13:38  SCV  
  104  13:42  Marauder  
  104  13:43  Marauder  
  104  13:47  SCV x2  
  110  13:51  SCV  
  110  13:52  Marine x2  
  113  14:02  Marine x3  
  112  14:03  Marine x2  
  112  14:08  Medivac  
  116  14:10  Marine  
  117  14:21  Marauder  
  117  14:22  Marine x2, Marauder x2  
  123  14:26  Medivac  
  123  14:29  Liberator  
  125  14:35  Marine x2  
  127  14:39  Liberator  
  130  14:56  Marine x4  
  130  14:57  Marine, Marauder  
  140  15:02  Marauder  
  140  15:07  Widow Mine x2  
  140  15:09  Orbital Command  
  140  15:12  Liberator  
  144  15:22  Liberator  
  144  15:25  Marine x3  
  144  15:27  Marine x2  
  118  15:29  Marine  
  118  15:31  Marine  
  102  15:42  Marine x2  
  102  15:43  Marine  
  102  15:45  Marine x2  
  102  15:47  Marine  
  102  15:49  Marine  
  109  15:51  SCV x2  
  109  15:52  SCV  
  112  16:00  Marine x2  
  112  16:01  Marine  
  112  16:03  Marine x2  
  116  16:05  SCV x2  
  116  16:07  SCV  
  116  16:10  Marine x2  

Tags
 
Add a new tag
Caveats
  • Supply blocks, unpowered buildings, or Contaminate may cause inaccurate times.
  • Supply counts are checked every 10 seconds.